 Dungeon Crawl Stone Soup version 0.29.0-5-ge4962eb29e (webtiles) character file.

Game seed: 9191465129936249505

4 LustLizard the Firebug (level 1, 0/14 HPs)
             Began as a Hill Orc Fire Elementalist on Aug 30, 2022.
             Slain by a ball python (2 damage)
             ... on level 1 of the Dungeon.
             The game lasted 00:00:49 (140 turns).

LustLizard the Firebug (Hill Orc Fire Elementalist)  Turns: 140, Time: 00:00:49

Health: 0/14       AC:  2    Str: 10    XL:     1   Next: 60%
Magic:  1/3        EV: 11    Int: 15    God:
Gold:   12         SH:  3    Dex: 11    Spells: 2/3 levels left

rFire   . . .      SeeInvis .   d - +1 short sword (drain)
rCold   . . .      Faith    .   c - +0 buckler
rNeg    . . .      Spirit   .   a - +0 robe
rPois   .          Reflect  .   (no helmet)
rElec   .          Harm     .   (no cloak)
rCorr   .          Rampage  .   (no gloves)
Will    .....                   (no boots)
Stlth   ++........              (no amulet)
HPRegen 0.04/turn               (no ring)
MPRegen 0.08/turn               (no ring)

@: very slightly contaminated
A: no striking features
a: no special abilities


You were on level 1 of the Dungeon.
You visited 1 branch of the dungeon, and saw 1 of its levels.

You collected 12 gold pieces.

Inventory:

Hand Weapons
 d - a +1 short sword of draining (weapon)
Armour
 a - a +0 robe (worn)
 c - a +0 buckler (worn)
Scrolls
 e - a scroll of fear {unknown}
Potions
 b - a potion of magic
 f - 2 potions of heal wounds {unknown}
 g - a potion of attraction {unknown}


   Skills:
 + Level 0.1 Fighting
 - Level 1.5 Dodging
 * Level 1.7 Stealth
 + Level 1.6 Spellcasting
 * Level 1.1 Conjurations
 * Level 3.3 Fire Magic


You had 2 spell levels left.
You knew the following spells:

 Your Spells              Type           Power      Damage    Failure   Level
a - Foxfire               Conj/Fire      32%        2x1d5     12%         1

Your spell library contained the following spells:

 Spells                   Type           Power      Damage    Failure   Level
 Scorch                   Fire           22%        2d6       12%         2
 Conjure Flame            Conj/Fire      8%         6-21      36%         3
 Inner Flame              Hex/Fire       6%         N/A       43%         3
 Flame Wave               Conj/Fire      8%         2d5       77%         4


Dungeon Overview and Level Annotations

Branches:
Dungeon (1/15)

Altars:


Message History

A quokka comes into view.
Found a fuming white potion.
A quokka is nearby!
A ball python comes into view.
Casting: Foxfire (safe; 12% risk of failure)
Confirm with . or Enter, or press ? or * to list all spells.
You conjure some foxfire!
The foxfire hits the quokka.
The quokka is lightly wounded.
You closely miss the quokka.
The quokka is lightly wounded.
The foxfire hits the quokka.
The quokka is almost dead.
The quokka barely misses you.
Casting: Foxfire (safe; 12% risk of failure)
Confirm with . or Enter, or press ? or * to list all spells.
You miscast Foxfire.
You are very lightly contaminated with residual magic.
Nothing appears to happen.
The quokka bites you.
You closely miss the quokka.
The quokka is almost dead.
The ball python bites you but does no damage.
The ball python grabs you. The ball python constricts you.
The quokka bites you. The ball python bites you.
The ball python constricts you.
You barely miss the quokka.
The quokka is almost dead.
The quokka bites you.
* * * LOW HITPOINT WARNING * * *
The ball python barely misses you. The ball python constricts you.
The ball python's grasp on you weakens, but your attempt to escape fails.
The quokka barely misses you. The ball python closely misses you.
The ball python constricts you.
* * * LOW HITPOINT WARNING * * *
The quokka bites you.
* * * LOW HITPOINT WARNING * * *
Unknown command.
You escape the ball python's grasp.
The ball python attacks as you move away!
The ball python bites you.
You die...

#..## #..##..# .
#...##...##...
#......).##....
#'......####....
.######## ##### .#.#
#### ...# ..# ##.# #.#
#.#############@##.##.
#.).)..).......Sr...!.#
################.#.####
...# ####


You could see a quokka and a ball python.

Vanquished Creatures
  2 goblins (D:1)
  A ball python (D:1)
  A kobold (D:1)
4 creatures vanquished.

Vanquished Creatures (others)
  4 foxfires (D:1)
4 creatures vanquished.

Grand Total: 8 creatures vanquished

Notes
Turn   | Place    | Note
-------+----------+-------------------------------------------
     0 | D:1      | LustLizard the Hill Orc Fire Elementalist began the quest
                  | for the Orb.
     0 | D:1      | Reached XP level 1. HP: 14/14 MP: 3/3
   140 | D:1      | Slain by a ball python

Illustrated notes

Levels and vault maps discovered:
D:1:      minmay_arrival_four_loops, layout_loops_ring, serial_shops, shop,
          wander_ebering_terrifying_dragon_lair

Action                   || total
-------------------------++-------
Melee: Short sword       ||     6
 Cast: Foxfire           ||     3
Armor: Robe              ||     2
Dodge: Dodged            ||     4
Block: Buckler           ||     1
